 Dungeon Crawl Stone Soup version 0.27-a0-124-g19cb506db8 (webtiles) character file.

Game seed: 16694088174702762465

83 kae the Ruffian (level 4, 0/36 HPs)
             Began as a Draconian Transmuter on Jan 26, 2021.
             Slain by an ice beast (7 damage)
             ... on level 3 of the Dungeon.
             The game lasted 00:01:37 (3120 turns).

kae the Ruffian (Draconian Transmuter)              Turns: 3120, Time: 00:01:37

Health: 0/36       AC:  2    Str: 13    XL:     4   Next: 22%
Magic:  5/7        EV: 20    Int: 13    God:
Gold:   126        SH:  0    Dex: 17    Spells: 4/8 levels left

rFire    . . .     SeeInvis .     - Unarmed
rCold    . . .     Faith    .   (shield currently unavailable)
rNeg     . . .     Spirit   .   (armour unavailable)
rPois    x         Reflect  .   (helmet currently unavailable)
rElec    .         Harm     .   (cloak currently unavailable)
rCorr    .         Rampage  .   (gloves currently unavailable)
Will     .....                  (boots currently unavailable)
Stlth    ++........             (no amulet)
HPRegen  0.12/turn              (no ring)
MPRegen  0.10/turn              (no ring)

@: spider-form (expiring)
A: tiny, unfitting armour, AC +5
a: End Transformation


You were on level 3 of the Dungeon.
You were a venomous arachnid creature.
You visited 1 branch of the dungeon, and saw 3 of its levels.

You collected 126 gold pieces.

Inventory:

Jewellery
 c - a +4 ring of protection {unknown}
 e - a cursed amulet of inaccuracy {unknown}
Scrolls
 h - a scroll of enchant weapon {unknown}
 j - a scroll of teleportation {unknown}
 k - a scroll of identify {unknown}
Potions
 a - a potion of flight {unknown}
 b - a potion of berserk rage {unknown}
 d - a potion of curing {unknown}
 f - a potion of haste {unknown}
 g - 3 potions of invisibility {unknown}
 i - a potion of lignification {unknown}


   Skills:
 + Level 1.8 Fighting
 + Level 2.2 Dodging
 * Level 3.8 Unarmed Combat
 + Level 2.5 Spellcasting
 + Level 2.4 Transmutations
 * Level 0.7 Poison Magic


You had 4 spell levels left.
You knew the following spells:

 Your Spells              Type           Power        Failure   Level
a - Beastly Appendage     Tmut           16%          22%         1
b - Spider Form           Tmut/Pois      2%           58%         3

Your spell library contained the following spells:

 Spells                   Type           Power        Failure   Level
 Wereblood                Tmut           8%           30%         2
 Ice Form                 Ice/Tmut       4%           93%         4
 Blade Hands              Tmut           4%           98%         5


Dungeon Overview and Level Annotations

Branches:
Dungeon (3/15)

Altars:
Hepliaklqana
Ru


Innate Abilities, Weirdness & Mutations

((Your plain brown scales are hard. (AC +5)))
You cannot fit into any form of body armour.
((You are cold-blooded and may be slowed by cold attacks.))


Message History

You hit the ice beast but do no damage.
The ice beast is poisoned.
The ice beast is moderately wounded.
The ice beast hits you. The ice beast freezes you.
You are too injured to fight recklessly!
You are too injured to fight recklessly!
You are too injured to fight recklessly!
You are too injured to fight recklessly!
You hit the ice beast.
The ice beast is moderately wounded.
The ice beast hits you. The ice beast freezes you!
* * * LOW HITPOINT WARNING * * *
You bite the ice beast!
The ice beast is severely wounded.
The ice beast barely misses you.
You barely miss the ice beast.
The ice beast is severely wounded.
The ice beast hits you.
* * * LOW HITPOINT WARNING * * *
The ice beast freezes you!
You die...

..##.##.#.<.###.#
............#
...........##
######.#### #.#
.######.#######
#..>.[..........
#..#####.......#
#...Ys.........#
##.##########.##
#


You could see an ice beast (very poisoned).

Vanquished Creatures
  3 adders (D:2)
  An ooze (D:2)
  A worm (D:2)
  3 dart slugs
  2 leopard geckos
  3 goblins (D:1)
  2 hobgoblins
  4 jackals (D:2)
  2 quokkas (D:2)
  A ball python (D:2)
  3 bats (D:2)
  2 frilled lizards (D:1)
  7 kobolds
  8 rats
42 creatures vanquished.

Notes
Turn   | Place    | Note
-------+----------+-------------------------------------------
     0 | D:1      | kae the Draconian Transmuter began the quest for the Orb.
     0 | D:1      | Reached XP level 1. HP: 16/16 MP: 3/3
   449 | D:1      | Reached XP level 2. HP: 23/23 MP: 3/5
  1156 | D:2      | Found a sacrificial altar of Ru.
  1168 | D:2      | HP: 1/23 [leopard gecko (4)]
  1668 | D:2      | Reached XP level 3. HP: 25/28 MP: 6/6
  2000 | D:2      | Learned a level 3 spell: Spider Form
  2463 | D:2      | Found a hazy altar of Hepliaklqana.
  2484 | D:2      | Reached XP level 4. HP: 21/36 MP: 7/7
  2855 | D:3      | Noticed an ice beast
  3120 | D:3      | Slain by an ice beast

Illustrated notes

Levels and vault maps discovered:
D:1:      kilobyte_arrival_exit_the_forest, layout_loops_corners
D:2:      cheibrodos_old_hovel, layout_loops_ring, nicolae_ru_awakened_eye,
          lemuel_crystal_altar, lemuel_statue_altar
D:3:      layout_loops_ring, old_standard_altar, grunt_temple_overflow_open,
          chequers_ecumenical_altar_grove, solitary_fountain, uniq_sigmund

Skill      XL: |  1  2 |
---------------+-------+-----
Dodging        | 2 |  2.2
Fighting       | |  1.8
Unarmed Combat | |  3.8
Spellcasting   | |  2.5
Transmutations | |  2.4
Poison Magic   | |  0.7

Action                   |  1- 3 |  4- 6 || total
-------------------------+-------+-------++-------
Melee: Unarmed           |   126 |    27 ||   153
       Kick              |    11 |     2 ||    13
       Headbutt          |     9 |     4 ||    13
       Tailslap          |     8 |     3 ||    11
 Cast: Beastly Appendage |    28 |     5 ||    33
       Spider Form       |       |     1 ||     1
  Use: Scroll            |     3 |       ||     3
 Stab: Sleeping          |     2 |       ||     2
Armor: Skin              |    36 |     5 ||    41
Dodge: Dodged            |    94 |    19 ||   113

Table legend: (Time is in decaauts)
 A = Elapsed time spent in this place.
 B = Non-inter-level travel time spent in this place.
 C = Inter-level travel time spent in this place.
 D = Time resting spent in this place.
 E = Time spent auto-exploring this place.
 F = Levels seen in this place.
 G = Mean time per level.
                   A        B        C        D        E       F      G
               +--------+--------+--------+--------+--------+-----+--------+
         Total |   3119 |   3045 |     74 |    776 |   1891 |   3 | 1039.7 |
       Dungeon |   3119 |   3045 |     74 |    776 |   1891 |   3 | 1039.7 |
               +--------+--------+--------+--------+--------+-----+--------+

Top non-repeatable levels by time:
     D:2: 1939 daAuts
     D:1: 1131 daAuts
     D:3: 48 daAuts
